 Dungeon Crawl Stone Soup version 0.22-a0-284-g99d1f74 (webtiles) character file.

1701 ohad the Grappler (level 8, -5/68 HPs)
             Began as a Troll Transmuter on Mar 20, 2018.
             Slain by a two-headed ogre
             ... wielding a +0 giant spiked club
              (26 damage)
             ... on level 6 of the Dungeon.
             The game lasted 00:08:17 (4813 turns).

ohad the Grappler (Troll Transmuter)                Turns: 4813, Time: 00:08:18

Health: -5/68      AC:  5    Str: 20    XL:     8   Next: 73%
Magic:  8/8        EV: 12    Int:  9    God:
Gold:   326        SH: 15    Dex: 16    Spells: 6/9 levels left

rFire    . . .     SeeInvis .     - Unarmed
rCold    . . .     Gourm    +   u - +0 large shield
rNeg     . . .     Faith    .   b - +0 robe
rPois    .         Spirit   .   (helmet restricted)
rElec    .         Reflect  .   (no cloak)
rCorr    +         Harm     .   (gloves unavailable)
MR       .....                  (boots unavailable)
Stlth    ++........             (no amulet)
HPRegen  0.61/turn              q - ring of resist corrosion
MPRegen  0.11/turn              (no ring)

@: agile
A: large, unfitting armour, claws 3, fast metabolism 3, gourmand, regeneration
1, shaggy fur 1, tough skin 2
a: no special abilities


You were on level 6 of the Dungeon.
You were completely stuffed.

You visited 1 branch of the dungeon, and saw 6 of its levels.

You collected 326 gold pieces.

Inventory:

Hand Weapons
 r - a +0 giant club
 s - a +0 giant spiked club
Missiles
 a - 60 arrows
 e - 75 bolts
 k - 15 poisoned needles
Armour
 b - a +0 robe (worn)
 u - a +0 large shield (worn)
Magical Staves
 l - an uncursed staff of fire {unknown}
Jewellery
 q - a ring of resist corrosion (left claw)
Wands
 t - a wand of scattershot (4)
Scrolls
 c - 2 scrolls of remove curse
 f - a scroll of blinking {unknown}
 g - a scroll of enchant weapon {unknown}
 h - 8 scrolls of teleportation
 m - 3 scrolls of identify {unknown}
 o - 2 scrolls of magic mapping {unknown}
 w - a scroll of summoning {unknown}
 x - a scroll of amnesia {unknown}
 y - a scroll of noise {unknown}
Potions
 i - a potion of ambrosia {unknown}
 j - a potion of degeneration {unknown}
 p - 2 potions of curing {unknown}
 v - a potion of cancellation {unknown}
 z - a potion of magic {unknown}
Comestibles
 d - 8 rations
 A - a chunk of flesh


   Skills:
 - Level 0.7 Fighting
 - Level 1.5 Dodging
 + Level 5.0 Shields
 - Level 9.8 Unarmed Combat
 - Level 1.2 Spellcasting
 - Level 1.3 Transmutations


You had 6 spell levels left.
You knew the following spells:

 Your Spells              Type           Power        Failure   Level  Hunger
a - Beastly Appendage     Tmut           #.....       87%         1    ##.....
b - Sticks to Snakes      Tmut           #.......     95%         2    ###....


Dungeon Overview and Level Annotations

Branches:
Dungeon (6/15)
 Temple: D:4-7

Altars:
Fedhas
Vehumet
Xom

Annotations:
D:4 exclusion: statue


Innate Abilities, Weirdness & Mutations

You are too large for most types of armour.
You have claws for hands.
Your metabolism is lightning-fast.
You like to eat raw meat.
Your natural rate of healing is unusually fast.
You are covered in fur. (AC +1)
You have very tough skin. (AC +2)


Message History

You scratch the two-headed ogre.
The two-headed ogre is heavily wounded.
You block the jackal's attack. The jackal closely misses you.
You block the jackal's attack.
You scratch the two-headed ogre.
The two-headed ogre is heavily wounded.
The jackal closely misses you.
The jackal bites you but does no damage.
The leopard gecko zombie misses you. You block the jackal's attack.
The two-headed ogre hits you with a giant spiked club!
* * * LOW HITPOINT WARNING * * *
You block the two-headed ogre's attack. You block the jackal's attack.
You barely miss the two-headed ogre.
The two-headed ogre is heavily wounded.
You block the jackal's attack. The jackal barely misses you.
The leopard gecko zombie bites you but does no damage.
You block the jackal's attack. The jackal closely misses you.
You block the jackal's attack.
The two-headed ogre hits you with a giant spiked club!!
You die...

#...#....## #.# #
.######.#.#...## #.#
...............# #.#
#.######.##.(..# #.#
#.### #.##..#######.#
.....###.##.......##.#
#...##.##.......##.#
###.#.hhZ..........<##.#
......h@......#.....##.#
######hO###.#..........#
....%# #...###.######
####..# ###.# #.# #..#
.# #.# #... . ... ....
..[. ..## ##... ....


You could see a two-headed ogre, a leopard gecko zombie and 4 jackals.

Vanquished Creatures
  Sigmund (D:3)
  Duvessa (D:4)
  2 ice beasts (D:5)
  2 ogres (D:4)
  A centaur (D:5)
  Dowan (D:4)
  3 scorpions
  2 howler monkeys (D:4)
  A bullfrog zombie (D:5)
  2 crimson imps (D:5)
  2 hounds (D:4)
  An orc priest (D:4)
  A bullfrog skeleton (D:4)
  A centaur skeleton (D:4)
  Jessica (D:3)
  Ijyb (D:4)
  Terence (D:2)
  Natasha (thrice) (D:3 D:6)
  An iguana (D:5)
  5 worker ants
  A hound zombie (D:5)
  Robin (D:2)
  4 gnolls
  3 adders
  2 oozes
  5 worms
  2 dart slugs
  2 leopard geckos
  9 orcs
  5 giant cockroaches
  21 goblins
  8 hobgoblins
  10 jackals
  4 kobolds
  4 quokkas
  6 bats
  8 frilled lizards
  A quokka skeleton (D:4)
  5 rats
134 creatures vanquished.

Notes
Turn   | Place    | Note
-------+----------+-------------------------------------------
     0 | D:1      | ohad the Troll Transmuter began the quest for the Orb.
     0 | D:1      | Reached XP level 1. HP: 18/18 MP: 1/1
   236 | D:1      | Reached XP level 2. HP: 26/26 MP: 2/2
   332 | D:1      | You fall through a shaft!
   410 | D:2      | Reached skill level 4 in Unarmed Combat
   502 | D:2      | Reached XP level 3. HP: 32/32 MP: 3/3
   541 | D:2      | Noticed Terence
   548 | D:2      | Killed Terence
   557 | D:2      | Noticed Robin
   567 | D:2      | Killed Robin
   572 | D:2      | Reached XP level 4. HP: 40/40 MP: 4/4
   577 | D:2      | Reached skill level 5 in Unarmed Combat
  1016 | D:2      | Reached XP level 5. HP: 40/46 MP: 5/5
  1351 | D:3      | Reached skill level 6 in Unarmed Combat
  1378 | D:3      | Noticed Jessica
  1385 | D:3      | Killed Jessica
  1425 | D:3      | Noticed Sigmund
  1898 | D:3      | Killed Sigmund
  1898 | D:3      | Reached skill level 7 in Unarmed Combat
  1898 | D:3      | Reached XP level 6. HP: 24/54 MP: 6/6
  2093 | D:3      | Noticed Natasha
  2099 | D:3      | Killed Natasha
  2586 | D:3      | Found a shimmering altar of Xom.
  2783 | D:4      | Found a blossoming altar of Fedhas.
  2873 | D:4      | Reached skill level 8 in Unarmed Combat
  2916 | D:4      | Reached XP level 7. HP: 61/61 MP: 7/7
  3269 | D:4      | Reached skill level 9 in Unarmed Combat
  3350 | D:4      | Noticed Ijyb
  3358 | D:4      | Killed Ijyb
  3373 | D:4      | Learned a level 2 spell: Sticks to Snakes
  3452 | D:4      | Noticed Dowan
  3453 | D:4      | Noticed Duvessa
  3476 | D:4      | Killed Dowan
  3496 | D:4      | Killed Duvessa
  3549 | D:4      | Reached XP level 8. HP: 65/68 MP: 8/8
  3550 | D:4      | Found a radiant altar of Vehumet.
  3778 | D:4      | HP: 3/68 [ogre/giant club (20)]
  3780 | D:4      | Reached skill level 1 in Shields
  4154 | D:5      | Entered Level 5 of the Dungeon
  4747 | D:6      | Noticed Natasha
  4751 | D:6      | Killed Natasha
  4800 | D:6      | Noticed Natasha
  4802 | D:6      | Noticed a two-headed ogre
  4804 | D:6      | Killed Natasha
  4804 | D:6      | Reached skill level 5 in Shields
  4813 | D:6      | Slain by a two-headed ogre

Vault maps used:
D:1:      dpeg_arrival_castle
D:2:      cheibrodos_helix_gallery, minmay_splitting_lines, minmay_hexomino_p4,
          uniq_terence, uniq_robin
D:3:      lemuel_coloured_pillars_altar, kennysheep_jessica_study, uniq_natasha,
          uniq_sigmund
D:4:      vehumet_statue, fedhas_altar_2, uniq_duvessa, uniq_ijyb
D:5:      first_ration, minivault_19
D:6:      uniq_eustachio, uniq_prince_ribbit1, uniq_grinder

Skill      XL: |  1  2  3  4  5  6  7  8 |
---------------+-------------------------+-----
Unarmed Combat | 4 5 7 8 9 |  9.8
Shields        | 5 |  5.0
Fighting       | |  0.7
Dodging        | |  1.5
Spellcasting   | |  1.2
Transmutations | |  1.3

Action                   |  1- 3 |  4- 6 |  7- 9 || total
-------------------------+-------+-------+-------++-------
Melee: Unarmed           |    56 |   190 |   146 ||   392
       Punch             |       |     3 |       ||     3
  Use: Scroll            |       |     2 |       ||     2
       Potion            |       |       |     1 ||     1
 Stab: Sleeping          |     1 |       |     1 ||     2
       Distracted        |       |       |     1 ||     1
  Eat: Chunk             |     7 |    21 |    22 ||    50
Armor: Robe              |    19 |    50 |    19 ||    88
Dodge: Dodged            |    31 |    85 |    42 ||   158
Block: Large shield      |       |       |    57 ||    57

Table legend:
 A = Spawn XP
 B = Non-spawn XP
 C = Spawn XP percentage of total XP
 D = Spawn monster count
 E = Non-spawn monster count
 F = Spawn count percentage of total count
 G = Total turns spent on level
                    A         B        C        D         E        F      G
               +---------+---------+-------+---------+---------+-------+---------
         Total |       0 |    2430 |   0.0 |       0 |     134 |   0.0 |  4813
               +---------+---------+-------+---------+---------+-------+---------
           D:1 |       0 |      43 |   0.0 |       0 |      17 |   0.0 |   747
           D:2 |       0 |     191 |   0.0 |       0 |      40 |   0.0 |   926
           D:3 |       0 |     339 |   0.0 |       0 |      23 |   0.0 |   966
           D:4 |       0 |    1004 |   0.0 |       0 |      27 |   0.0 |  1515
           D:5 |       0 |     780 |   0.0 |       0 |      24 |   0.0 |   591
           D:6 |       0 |      73 |   0.0 |       0 |       3 |   0.0 |    68
               +---------+---------+-------+---------+---------+-------+---------
